 Dungeon Crawl Stone Soup version 0.21-a0-538-gd16b88a (webtiles) character file.

3027 tidbits the Magician (level 9, 0/66 HPs)
             Began as a Gnoll Earth Elementalist on Dec 16, 2017.
             Was an Elder of Cheibriados.
             Slain by a wyvern (16 damage)
             ... on level 8 of the Dungeon.
             The game lasted 00:16:03 (1673 turns).

tidbits the Magician (Gnoll Earth Elementalist)     Turns: 1673, Time: 00:16:04

Health: 0/66       AC:  3    Str: 17    XL:     9   Next: 85%
Magic:  3/19       EV: 17    Int: 30    God:    Cheibriados [****..]
Gold:   252        SH:  0    Dex: 21    Spells: 6/21 levels left

rFire    + + .     SeeInvis .   a - +1 flail (crush)
rCold    . . .     Gourm    .   (no shield)
rNeg     . . .     Faith    +   c - +0 robe
rPois    .         Spirit   .   (no helmet)
rElec    .         Reflect  .   (no cloak)
rCorr    .         Harm     .   G - +0 pair of gloves
MR       .....                  (no boots)
Stlth    +++.......             y - amulet of faith
HPRegen  0.21/turn              M - ring of protection from fire
MPRegen  0.16/turn              (no ring)

@: about to teleport, very slow
A: distributed training, fangs 1, hooves 1, clumsy 2, fire resistance 1,
screaming 1, weak 1, MP-powered wands, strong nose
a: Bend Time, Temporal Distortion, Slouch, Renounce Religion


You were on level 8 of the Dungeon.
You worshipped Cheibriados.
Cheibriados was greatly pleased with you.
You were not hungry.

You visited 1 branch of the dungeon, and saw 8 of its levels.
You also visited: Sewer.

You collected 252 gold pieces.

Inventory:

Hand Weapons
 a - a +1 flail of crushing (weapon)
   (You found it on level 3 of the Dungeon)
 b - a +0 dagger
 f - a +4 scythe of distortion
   (You took it off Sigmund on level 3 of the Dungeon)
 t - a +0 shortbow
 z - a +0 blowgun
 K - a +0 shortbow of flaming
   (You took it off a centaur on level 6 of the Dungeon)
 P - a +0 shortbow
Missiles
 h - 124 arrows
 l - 4 tomahawks (quivered)
 m - 102 bolts
 q - 5 javelins
 A - 12 poisoned needles
Armour
 c - a +0 robe (worn)
 p - a +0 shield
 G - a +0 pair of gloves (worn)
 I - a +0 ring mail
Jewellery
 y - an amulet of faith (around neck)
   (You found it on level 6 of the Dungeon)
 M - a ring of protection from fire (left hand)
   (You found it on level 6 of the Dungeon)
Wands
 j - a wand of flame (24)
 n - a wand of disintegration (3)
 s - a wand of scattershot (3)
 L - a wand of paralysis (8)
Scrolls
 g - a scroll of remove curse
 o - a scroll of magic mapping {unknown}
 r - a scroll of enchant armour {unknown}
 w - a scroll of noise
 x - a scroll of identify {unknown}
 D - a scroll of amnesia {unknown}
 E - a scroll of immolation {unknown}
 N - a scroll of random uselessness {unknown}
 O - a scroll of fear {unknown}
Potions
 B - 2 potions of curing
 C - 4 potions of heal wounds
 F - a potion of agility
Books
 e - a book of Geomancy

   Spells                             Type                      Level
   a - Sandblast                      Earth                        1
   b - Passwall                       Transmutation/Earth          2
   c - Stone Arrow                    Conjuration/Earth            3
   d - Petrify                        Transmutation/Earth          4
   e - Lee's Rapid Deconstruction     Earth                        5
Comestibles
 d - 3 bread rations
 i - a meat ration
 u - a royal jelly


   Skills:
 + Level 4.5 Fighting
 + Level 4.5 Short Blades
 + Level 4.5 Long Blades
 + Level 4.5 Axes
 + Level 4.5 Maces & Flails
 + Level 4.5 Polearms
 + Level 4.5 Staves
 + Level 4.5 Slings
 + Level 4.5 Bows
 + Level 4.5 Crossbows
 + Level 4.5 Throwing
 + Level 4.5 Armour
 + Level 6.5 Dodging
 + Level 6.2 Stealth
 + Level 4.5 Shields
 + Level 4.5 Unarmed Combat
 + Level 6.8 Spellcasting
 + Level 3.7 Conjurations
 + Level 3.7 Hexes
 + Level 3.7 Charms
 + Level 3.7 Summonings
 + Level 3.7 Necromancy
 + Level 3.7 Translocations
 + Level 4.4 Transmutations
 + Level 3.7 Fire Magic
 + Level 3.7 Ice Magic
 + Level 3.7 Air Magic
 + Level 6.7 Earth Magic
 + Level 3.7 Poison Magic
 + Level 5.0 Invocations
 + Level 4.5 Evocations


You had 6 spell levels left.
You knew the following spells:

 Your Spells              Type           Power        Failure   Level  Hunger
a - Sandblast             Erth           ######       1%          1    None
b - Petrify               Tmut/Erth      #####...     4%          4    ##.....
t - Stone Arrow           Conj/Erth      #####.       1%          3    None
w - Passwall              Tmut/Erth      #####.....   1%          2    None
D - Lee's Rapid Deconstr  Erth           ######....   9%          5    ####...


Dungeon Overview and Level Annotations

Branches:
Dungeon (8/15)             Temple (0/1) D:7            Lair (0/6) D:8

Altars:
Cheibriados
Dithmenos
Hepliaklqana
Trog
Yredelemnul


Innate Abilities, Weirdness & Mutations

Your experience applies equally to all skills.
You have very sharp teeth.
Your uncanny sense of smell can sniff out nearby items.
You have large cloven feet.
You are very clumsy. (Dex -4)
Your flesh is heat resistant. (rF+)
You occasionally shout uncontrollably at your foes.
You are weak. (Str -2)
You expend magic power (3 MP) to strengthen your wands.


Message History

The basilisk is blasted.
You blow up the basilisk!
Cheibriados appreciates the change of pace.
Your limbs are stiffening.
Unknown command.
You have turned to stone.
You turn to flesh and can move again.
Unknown command.
The basilisk hisses angrily.
You see here a black bear corpse.
Casting: Sandblast
Confirm with . or Enter, or press ? or * to list all spells.
Aiming: Sandblast
Press: ? - help, Shift-Dir - straight line, f - basilisk
Aim: a basilisk The blast of sand hits the basilisk.
The basilisk is severely wounded.
v - a stone The hound barks!
The basilisk gazes at you.
You are slowing down.
Casting: Sandblast
Confirm with . or Enter, or press ? or * to list all spells.
Aiming: Sandblast
Press: ? - help, Shift-Dir - straight line, f/p - basilisk
Aim: a basilisk (severely wounded)
The blast of sand hits the basilisk.
You kill the basilisk!
Cheibriados thoroughly appreciates the change of pace.
Your Invocations skill increases to level 5!
You now have no stones remaining.
Your limbs are stiffening.
Unknown command.
Evoke which item? (* to show all) (? for menu, Esc to quit)
Aiming: Paralyse
Press: ? - help, Shift-Dir - straight line, f - hound
Aim: a hound (chance to defeat MR: 75%)
The hound suddenly stops moving!
The wyvern hisses angrily.
The quokka bites something.
You have turned to stone.
The wyvern bites the plant! x2
The porcupine bites the plant but does no damage.
The wyvern bites the plant!!
The porcupine bites the plant but does no damage.
The wyvern bites the plant.
The porcupine bites the plant!
The wyvern bites the plant but does no damage.
The porcupine bites the plant.
The wyvern bites the plant!!
The plant is destroyed!
The quokka bites you.
The porcupine bites the plant but does no damage.
The quokka bites you.
* * * LOW HITPOINT WARNING * * *
The quokka bites you.
* * * LOW HITPOINT WARNING * * *
The wyvern bites you.
* * * LOW HITPOINT WARNING * * *
The porcupine twitches its whiskers.
The quokka bites you but does no damage.
The wyvern bites you!
* * * LOW HITPOINT WARNING * * *
The wyvern bites you.
* * * LOW HITPOINT WARNING * * *
The quokka bites you but does no damage.
You turn to flesh and can move again.
Okay, then.
Unknown command.
Evoke which item? (* to show all) (? for menu, Esc to quit)
Aiming: Paralyse
Press: ? - help, Shift-Dir - straight line, f - wyvern, p - hound
Aim: a wyvern (chance to defeat MR: 67%)
The wyvern struggles to resist.
The wyvern misses you. The quokka bites you.
* * * LOW HITPOINT WARNING * * *
The wyvern barely misses you.
Evoke which item? (* to show all) (? for menu, Esc to quit)
You don't have enough magic at the moment.
Unknown command.
Evoke which item? (* to show all) (? for menu, Esc to quit)
Okay, then.
Unknown command.
Okay, then.
Unknown command.
Evoke which item? (* to show all) (? for menu, Esc to quit)
Okay, then.
Unknown command.
As you read the scroll of teleportation, it crumbles to dust.
You feel strangely unstable. The quokka completely misses you.
The wyvern closely misses you.
Unknown command.
The helpless hound fails to defend itself.
You thump the hound! You kick the hound. You bite the hound.
You kill the hound!
The wyvern closely misses you. The quokka bites you.
* * * LOW HITPOINT WARNING * * *
The wyvern closely misses you. The quokka completely misses you.
You hit the wyvern but do no damage. You kick the wyvern.
The wyvern is lightly wounded.
The wyvern bites you but does no damage.
The porcupine misses you. The quokka completely misses you.
The wyvern bites you!
You die...

#...# #.#.##P.♣..P...
.... #.#.#P..r....P.
.P.#
#.#.#.PP...P...♣♣P..#
#.#.#P......>...P...#
#.#.#......P..P. .P.#
#.#.#.....P..P..♣.P.#
#...##P........♣rP..#
........P......P@$..#
....#......%...rl.#.#
###..###.....††..##.#
# ##..####......###.#
# ##.# #####..# #.# #
#.########.####.#
#####.##.......# #..#
.........####### #.##
#####.#### #.#


You could see a wyvern, a porcupine and a quokka.

Vanquished Creatures
  A hippogriff (D:7)
  Sigmund (D:3)
  3 basilisks (D:8)
  3 porcupines (D:8)
  A phantom (D:7)
  2 sky beasts
  A wolf (D:8)
  A black bear (D:8)
  A necrophage (D:8)
  3 centaurs
  2 crocodiles (D:8)
  A big kobold (Sewer)
  2 bullfrogs
  4 howler monkeys
  4 crimson imps
  2 hounds
  A jelly (D:3)
  A quasit (D:6)
  A centaur zombie (D:8)
  An orc priest (D:6)
  A bullfrog skeleton (D:7)
  3 iguanas
  2 worker ants
  3 orc wizards
  4 gnolls (D:8)
  A howler monkey skeleton (D:6)
  6 adders
  An ooze (D:2)
  2 adder skeletons (D:5)
  3 worms
  A dart slug (D:2)
  9 orcs
  3 bats
  3 giant cockroaches (D:6)
  3 hobgoblins (D:3)
  4 jackals (D:6)
  13 kobolds (Sewer)
  2 quokkas
  2 ball pythons
  2 frilled lizards (D:2)
  A goblin (D:3)
  6 rats
  A spectral orc (D:5)
112 creatures vanquished.

Vanquished Creatures (others)
  3 fungi (D:8)
  8 plants (D:8)
11 creatures vanquished.

Grand Total: 123 creatures vanquished

Notes
Turn   | Place    | Note
-------+----------+-------------------------------------------
     0 | D:1      | tidbits the Gnoll Earth Elementalist began the quest for the Orb.
     0 | D:1      | Reached XP level 1. HP: 13/13 MP: 6/6
   105 | D:2      | Reached skill level 2 in Transmutations
   105 | D:2      | Reached XP level 2. HP: 19/19 MP: 4/7
   109 | D:2      | Learned a level 2 spell: Passwall
   129 | D:2      | Reached XP level 3. HP: 25/25 MP: 0/9
   180 | D:2      | Reached skill level 5 in Spellcasting
   273 | D:3      | Reached skill level 1 in Invocations
   309 | D:3      | Reached skill level 1 in Fighting
   309 | D:3      | Reached skill level 1 in Short Blades
   309 | D:3      | Reached skill level 1 in Long Blades
   309 | D:3      | Reached skill level 1 in Axes
   309 | D:3      | Reached skill level 1 in Maces & Flails
   309 | D:3      | Reached skill level 1 in Polearms
   309 | D:3      | Reached skill level 1 in Staves
   309 | D:3      | Reached skill level 1 in Slings
   309 | D:3      | Reached skill level 1 in Bows
   309 | D:3      | Reached skill level 1 in Crossbows
   309 | D:3      | Reached skill level 1 in Throwing
   309 | D:3      | Reached skill level 1 in Armour
   309 | D:3      | Reached skill level 1 in Shields
   309 | D:3      | Reached skill level 1 in Unarmed Combat
   309 | D:3      | Reached skill level 1 in Evocations
   309 | D:3      | Reached XP level 4. HP: 28/32 MP: 1/11
   394 | D:3      | Noticed Sigmund
   404 | D:3      | Killed Sigmund
   404 | D:3      | Reached skill level 1 in Conjurations
   404 | D:3      | Reached skill level 1 in Hexes
   404 | D:3      | Reached skill level 1 in Charms
   404 | D:3      | Reached skill level 1 in Summonings
   404 | D:3      | Reached skill level 1 in Necromancy
   404 | D:3      | Reached skill level 1 in Translocations
   404 | D:3      | Reached skill level 1 in Fire Magic
   404 | D:3      | Reached skill level 1 in Ice Magic
   404 | D:3      | Reached skill level 1 in Air Magic
   404 | D:3      | Reached skill level 1 in Poison Magic
   404 | D:3      | Reached skill level 2 in Invocations
   404 | D:3      | Reached XP level 5. HP: 38/38 MP: 7/12
   404 | D:3      | Reached XP level 6. HP: 44/44 MP: 7/13
   492 | D:4      | Found a bloodstained altar of Trog.
   508 | D:5      | Entered Level 5 of the Dungeon
   508 | D:5      | Found a snail-covered altar of Cheibriados.
   516 | D:5      | Reached skill level 2 in Fighting
   516 | D:5      | Reached skill level 2 in Short Blades
   516 | D:5      | Reached skill level 2 in Long Blades
   516 | D:5      | Reached skill level 2 in Axes
   516 | D:5      | Reached skill level 2 in Maces & Flails
   516 | D:5      | Reached skill level 2 in Polearms
   516 | D:5      | Reached skill level 2 in Staves
   516 | D:5      | Reached skill level 2 in Slings
   516 | D:5      | Reached skill level 2 in Bows
   516 | D:5      | Reached skill level 2 in Crossbows
   516 | D:5      | Reached skill level 2 in Throwing
   516 | D:5      | Reached skill level 2 in Armour
   516 | D:5      | Reached skill level 5 in Dodging
   516 | D:5      | Reached skill level 2 in Shields
   516 | D:5      | Reached skill level 2 in Unarmed Combat
   516 | D:5      | Reached skill level 2 in Evocations
   529 | D:5      | Became a worshipper of Cheibriados the Contemplative
   542 | D:5      | Found a hazy altar of Hepliaklqana.
   606 | D:5      | Reached XP level 7. HP: 37/50 MP: 3/15
   714 | D:6      | Reached skill level 2 in Conjurations
   714 | D:6      | Reached skill level 2 in Hexes
   714 | D:6      | Reached skill level 2 in Charms
   714 | D:6      | Reached skill level 2 in Summonings
   714 | D:6      | Reached skill level 2 in Necromancy
   714 | D:6      | Reached skill level 2 in Translocations
   714 | D:6      | Reached skill level 2 in Fire Magic
   714 | D:6      | Reached skill level 2 in Ice Magic
   714 | D:6      | Reached skill level 2 in Air Magic
   714 | D:6      | Reached skill level 2 in Poison Magic
   715 | D:6      | Reached skill level 3 in Transmutations
   738 | D:6      | Reached * piety under Cheibriados
   816 | D:6      | Found a glowing drain.
   821 | Sewer    | Entered a sewer
   842 | Sewer    | Reached skill level 5 in Stealth
   978 | Sewer    | Reached ** piety under Cheibriados
  1052 | D:7      | Reached skill level 3 in Invocations
  1128 | D:7      | Noticed a hippogriff
  1135 | D:7      | Killed a hippogriff
  1135 | D:7      | Reached skill level 6 in Earth Magic
  1135 | D:7      | Reached XP level 8. HP: 36/57 MP: 11/16
  1142 | D:7      | Reached skill level 3 in Fighting
  1142 | D:7      | Reached skill level 3 in Short Blades
  1142 | D:7      | Reached skill level 3 in Long Blades
  1142 | D:7      | Reached skill level 3 in Axes
  1142 | D:7      | Reached skill level 3 in Maces & Flails
  1142 | D:7      | Reached skill level 3 in Polearms
  1142 | D:7      | Reached skill level 3 in Staves
  1142 | D:7      | Reached skill level 3 in Slings
  1142 | D:7      | Reached skill level 3 in Bows
  1142 | D:7      | Reached skill level 3 in Crossbows
  1142 | D:7      | Reached skill level 3 in Throwing
  1142 | D:7      | Reached skill level 3 in Armour
  1142 | D:7      | Reached skill level 3 in Shields
  1142 | D:7      | Reached skill level 3 in Unarmed Combat
  1142 | D:7      | Reached skill level 3 in Evocations
  1145 | D:7      | Gained mutation: You are clumsy. (Dex -2) [mutagenic meat]
  1146 | D:7      | Gained mutation: Your flesh is heat resistant. (rF+) [mutagenic meat]
  1147 | D:7      | Gained mutation: You are very clumsy. (Dex -4) [mutagenic meat]
  1218 | D:7      | Found a shadowy altar of Dithmenos.
  1232 | D:6      | Reached skill level 6 in Spellcasting
  1268 | D:5      | Found a basalt altar of Yredelemnul.
  1376 | D:6      | Learned a level 3 spell: Stone Arrow
  1381 | D:6      | Learned a level 4 spell: Petrify
  1414 | D:7      | Found a staircase to the Ecumenical Temple.
  1420 | D:8      | Noticed a wyvern
  1466 | D:8      | Reached *** piety under Cheibriados
  1470 | D:8      | Reached skill level 3 in Conjurations
  1470 | D:8      | Reached skill level 3 in Hexes
  1470 | D:8      | Reached skill level 3 in Charms
  1470 | D:8      | Reached skill level 3 in Summonings
  1470 | D:8      | Reached skill level 3 in Necromancy
  1470 | D:8      | Reached skill level 3 in Translocations
  1470 | D:8      | Reached skill level 3 in Fire Magic
  1470 | D:8      | Reached skill level 3 in Ice Magic
  1470 | D:8      | Reached skill level 3 in Air Magic
  1470 | D:8      | Reached skill level 3 in Poison Magic
  1470 | D:8      | Reached skill level 4 in Invocations
  1474 | D:8      | Reached XP level 9. HP: 54/65 MP: 18/18
  1477 | D:8      | Reached skill level 6 in Dodging
  1495 | D:8      | Reached skill level 4 in Fighting
  1495 | D:8      | Reached skill level 4 in Short Blades
  1495 | D:8      | Reached skill level 4 in Long Blades
  1495 | D:8      | Reached skill level 4 in Axes
  1495 | D:8      | Reached skill level 4 in Maces & Flails
  1495 | D:8      | Reached skill level 4 in Polearms
  1495 | D:8      | Reached skill level 4 in Staves
  1495 | D:8      | Reached skill level 4 in Slings
  1495 | D:8      | Reached skill level 4 in Bows
  1495 | D:8      | Reached skill level 4 in Crossbows
  1495 | D:8      | Reached skill level 4 in Throwing
  1495 | D:8      | Reached skill level 4 in Armour
  1495 | D:8      | Reached skill level 4 in Shields
  1495 | D:8      | Reached skill level 4 in Unarmed Combat
  1495 | D:8      | Reached skill level 4 in Transmutations
  1495 | D:8      | Reached skill level 4 in Evocations
  1516 | D:8      | Gained mutation: You have large cloven feet. [mutagenic meat]
  1517 | D:8      | Gained mutation: You occasionally shout uncontrollably at your foes. [mutagenic meat]
  1518 | D:8      | Gained mutation: You are weak. (Str -2) [mutagenic meat]
  1519 | D:8      | Gained mutation: You expend magic power (3 MP) to strengthen your wands. [mutagenic meat]
  1530 | D:8      | Learned a level 5 spell: Lee's Rapid Deconstruction
  1561 | D:8      | Reached skill level 6 in Stealth
  1566 | D:8      | Found a staircase to the Lair.
  1636 | D:8      | Reached **** piety under Cheibriados
  1659 | D:8      | Reached skill level 5 in Invocations
  1673 | D:8      | Slain by a wyvern

Vault maps used:
D:1:      elethiomel_arrival_infinity_welcomes_careful_drivers, minivault_25
D:2:      minmay_roachtagon, vehumet_crystals, uniq_robin
D:3:      first_bread, uniq_sigmund, uniq_terence
D:4:      kennysheep_little_box, old_standard_altar
D:5:      overflow_temple_1_default, lemuel_round_altar,
          yredelemnul_forgotten_temple_becter, overflow_temple_1_default,
          uniq_blork_the_orc, uniq_duvessa
D:6:      gup_sewer_entry_spiral
D:7:      nicolae_overflow_hidden_temple, minmay_temple_entry_from_below_a,
          serial_shops, nicolae_shop_overgrown_old_shop,
          hangedman_decor_slide_cut, eino_jars
D:8:      gammafunk_temple_overflow_pools, minmay_lair_entry_grove,
          okawaru_humans
Sewer:    kennysheep_pipe_town

Skill      XL: |  1  2  3  4  5  6  7  8  9 |
---------------+----------------------------+-----
Transmutations | 2 3 4 |  4.4
Spellcasting   | 5 6 |  6.8
Invocations    | 1 2 3 4 5 |  5.0
Fighting       | 1 2 3 4 |  4.5
Short Blades   | 1 2 3 4 |  4.5
Long Blades    | 1 2 3 4 |  4.5
Axes           | 1 2 3 4 |  4.5
Maces & Flails | 1 2 3 4 |  4.5
Polearms       | 1 2 3 4 |  4.5
Staves         | 1 2 3 4 |  4.5
Slings         | 1 2 3 4 |  4.5
Bows           | 1 2 3 4 |  4.5
Crossbows      | 1 2 3 4 |  4.5
Throwing       | 1 2 3 4 |  4.5
Armour         | 1 2 3 4 |  4.5
Shields        | 1 2 3 4 |  4.5
Unarmed Combat | 1 2 3 4 |  4.5
Evocations     | 1 2 3 4 |  4.5
Conjurations   | 1 2 3 |  3.7
Hexes          | 1 2 3 |  3.7
Charms         | 1 2 3 |  3.7
Summonings     | 1 2 3 |  3.7
Necromancy     | 1 2 3 |  3.7
Translocations | 1 2 3 |  3.7
Fire Magic     | 1 2 3 |  3.7
Ice Magic      | 1 2 3 |  3.7
Air Magic      | 1 2 3 |  3.7
Poison Magic   | 1 2 3 |  3.7
Dodging        | 5 6 |  6.5
Stealth        | 5 6 |  6.2
Earth Magic    | 6 |  6.7

Action                   |  1- 3 |  4- 6 |  7- 9 || total
-------------------------+-------+-------+-------++-------
Melee: Unarmed           |     6 |       |    38 ||    44
       Bite              |     1 |       |    18 ||    19
       Flail             |       |       |   100 ||   100
       Dagger            |       |       |     3 ||     3
       Kick              |       |       |     3 ||     3
 Cast: Sandblast         |    26 |    28 |    70 ||   124
       Passwall          |       |     2 |     7 ||     9
Evoke: Wand              |       |     5 |    10 ||    15
  Use: Potion            |       |     2 |     4 ||     6
       Scroll            |       |       |     4 ||     4
 Stab: Sleeping          |       |       |    10 ||    10
       Paralysed         |       |       |     1 ||     1
  Eat: Chunk             |       |       |     8 ||     8
Armor: Robe              |     1 |     4 |    34 ||    39
Dodge: Dodged            |     8 |    14 |   173 ||   195

Table legend:
 A = Spawn XP
 B = Non-spawn XP
 C = Spawn XP percentage of total XP
 D = Spawn monster count
 E = Non-spawn monster count
 F = Spawn count percentage of total count
 G = Total turns spent on level
                    A         B        C        D         E        F      G
               +---------+---------+-------+---------+---------+-------+---------
         Total |       0 |    4325 |   0.0 |       0 |     112 |   0.0 |  1673
               +---------+---------+-------+---------+---------+-------+---------
           D:2 |       0 |      49 |   0.0 |       0 |      10 |   0.0 |   169
           D:3 |       0 |     308 |   0.0 |       0 |      12 |   0.0 |   147
           D:5 |       0 |     313 |   0.0 |       0 |      14 |   0.0 |   195
           D:6 |       0 |     575 |   0.0 |       0 |      23 |   0.0 |   295
           D:7 |       0 |     592 |   0.0 |       0 |       6 |   0.0 |   230
           D:8 |       0 |    2365 |   0.0 |       0 |      27 |   0.0 |   253
         Sewer |       0 |     123 |   0.0 |       0 |      20 |   0.0 |   192
               +---------+---------+-------+---------+---------+-------+---------

Table legend:
 A = Turns spent in this place as a percentage of turns spent in the entire game.
 B = Non-inter-level travel turns spent in this place as a percentage of non-inter-level travel turns spent in the entire game.
 C = Inter-level travel turns spent in this place as a percentage of turns spent in this place.
 D = Turns resting spent in this place as a percentage of non-inter-level travel turns spent in this place.
 E = Turns spent auto-exploring this place as a percentage of non-inter-level travel turns spent in this place.
 F = Non-inter-level travel turns spent in this place divided by the number of levels of this place that you've seen.
                   A       B       C       D       E      F
               +-------+-------+-------+-------+-------+----------------------
         Total | 100.0 | 100.0 |   0.0 |   0.0 |   0.0 | 185.9
       Dungeon |  88.5 |  88.5 |   0.0 |   0.0 |   0.0 | 185.1
         Sewer |  11.5 |  11.5 |   0.0 |   0.0 |   0.0 | 192.0
               +-------+-------+-------+-------+-------+----------------------

Table legend:
 A = Kills in this place as a percentage of kills in entire the game.
 B = Kills by you in this place as a percentage of kills by you in the entire game.
 C = Kills by friends in this place as a percentage of kills by friends in the entire game.
 D = Other kills in this place as a percentage of other kills in the entire game.
 E = Experience gained in this place as a percentage of experience gained in the entire game.
 F = Experience gained in this place divided by the number of levels of this place that you have seen.
                   A       B       C       D       E      F
               +-------+-------+-------+-------+-------+----------------------
         Total | 100.0 | 100.0 |   N/A |   N/A | 100.0 | 480.6
       Dungeon |  82.1 |  82.1 |   N/A |   N/A |  97.2 | 525.2
         Sewer |  17.9 |  17.9 |   N/A |   N/A |   2.8 | 123.0
               +-------+-------+-------+-------+-------+----------------------

Vault maps used:
D:1:      elethiomel_arrival_infinity_welcomes_careful_drivers, minivault_25
D:2:      minmay_roachtagon, vehumet_crystals, uniq_robin
D:3:      first_bread, uniq_sigmund, uniq_terence
D:4:      kennysheep_little_box, old_standard_altar
D:5:      overflow_temple_1_default, lemuel_round_altar,
          yredelemnul_forgotten_temple_becter, overflow_temple_1_default,
          uniq_blork_the_orc, uniq_duvessa
D:6:      gup_sewer_entry_spiral
D:7:      nicolae_overflow_hidden_temple, minmay_temple_entry_from_below_a,
          serial_shops, nicolae_shop_overgrown_old_shop,
          hangedman_decor_slide_cut, eino_jars
D:8:      gammafunk_temple_overflow_pools, minmay_lair_entry_grove,
          okawaru_humans
Sewer:    kennysheep_pipe_town
